 Dungeon Crawl Stone Soup version 0.30-a0-737-gf23d94013f (webtiles) character file.

Game seed: 15609010340949750503

599 jimonade the Magician (level 7, -1/47 HPs)
             Began as a Djinni Hedge Wizard on Feb 3, 2023.
             Killed from afar by a white imp (9 damage)
             ... with a puff of frost
             ... summoned by Eustachio
             ... on level 4 of the Dungeon.
             The game lasted 00:10:17 (3525 turns).

jimonade the Magician (Djinni Hedge Wizard)         Turns: 3525, Time: 00:10:18

Health: -1/47      AC:  2    Str: 13    XL:     7   Next: 68%
Gold:   300        EV: 12    Int: 18    God:
                   SH:  3    Dex: 12

rFire   + + .      SeeInvis .    a - +8 spear of Foit {elec, +Blink Str+2 Int+2}
rCold   x . .      Faith    .    y - +0 buckler
rNeg    . . .      Spirit   .    b - +0 robe
rPois   ∞          Reflect  .    c - +0 hat
rElec   .          Harm     .    (no cloak)
rCorr   .          Rampage  .    (no gloves)
Will    +....                    (boots unavailable)
Stlth   ++                       (no amulet)
HPRegen 0.27/turn                o - ring of willpower
MPRegen 0.00/turn                (no ring)

@: flying
A: sickness immunity, fire resistance 2, cold vulnerability 1, float, innate
caster, HP casting, extra vitality 1
a: Evoke Blink


You were on level 4 of the Dungeon.
You visited 1 branch of the dungeon, and saw 4 of its levels.

You collected 300 gold pieces.

Inventory:

Hand Weapons
 a - the +8 spear of Foit (weapon) {elec, +Blink Str+2 Int+2}
   (You found it on level 3 of the Dungeon)

   Str:       It affects your strength (+2).
   Int:       It affects your intelligence (+2).
   +Blink:    It lets you blink.
 r - a +0 dagger
Missiles
 l - 4 javelins
Armour
 b - a +0 robe (worn)
 c - a +0 hat (worn)
 f - a +0 ring mail
 h - a +0 chain mail
 y - a +0 buckler (worn)
Jewellery
 o - a ring of willpower (left hand)
 s - a ring of fire
Scrolls
 d - 3 scrolls of identify {unknown}
 g - a scroll of butterflies {unknown}
 i - 2 scrolls of blinking {unknown}
 j - a scroll of immolation {unknown}
 k - a scroll of noise {unknown}
 n - a scroll of poison {unknown}
 q - a scroll of teleportation {unknown}
 t - a scroll of fear {unknown}
 v - a scroll of enchant armour {unknown}
Potions
 e - 2 potions of lignification {unknown}
 m - 3 potions of curing {unknown}
 p - a potion of attraction {unknown}
 u - a potion of might {unknown}
 w - a potion of mutation {unknown}
 x - 2 potions of flight {unknown}


   Skills:
 + Level 1.0 Fighting
 + Level 1.1 Polearms
 + Level 3.0 Dodging
 - Level 1.5 Stealth
 * Level 6.0 Spellcasting


You had 3 spell levels left.
You knew the following spells:

 Your Spells              Type           Power      Damage    Failure   Level
a - Magic Dart            Conj           100%       1d8       1%          1
b - Slow                  Hex            100%       N/A       1%          1
c - Blink                 Tloc           54%        N/A       1%          2
d - Call Imp              Summ           27%        N/A       1%          2
e - Mephitic Cloud        Conj/Pois/Air  27%        N/A       4%          3
f - Sting                 Tmut/Pois      100%       1d8       1%          1
g - Ensorcelled Hibernat  Hex/Ice        54%        N/A       1%          2
h - Kindle Blastsparks    Fire/Tloc/Air  54%        2d14      4%          3
Your spell library was empty.

Dungeon Overview and Level Annotations

Branches:
Dungeon (4/15)
 Temple: D:4-7

Altars:
Nemelex Xobeh
Uskayaw

Annotations:
D:4 Eustachio


Innate Abilities, Weirdness & Mutations

You are immune to sickness and miasma.
You are immune to poison.
Your flesh is very heat resistant. (rF++)
You are vulnerable to cold. (rC-)
You float through the air rather than walking.
You learn spells naturally, not from books.
Your magical power is your life essence.
You have superior vitality. (+4 MHP)


Message History

The gnoll is severely wounded.
The gnoll barely misses you.
You reach to attack!
You puncture the gnoll!
You kill the gnoll!
Your Dodging skill increases to level 3!
No target in view!
No target in view!
You see here a +0 club.
You see here a +0 spear.
Things that are here:
a +0 heavy trident; a +0 scale mail; a gnoll corpse Done exploring.
Done exploring.
Done exploring.
Setting a skill training target for Polearms at 12.0.
Done exploring.
Eustachio shouts!
Eustachio screams, "Hey, you killed my favourite bat!"
Eustachio gestures wildly while chanting.
You hit Eustachio.
Eustachio is lightly wounded.
Eustachio hits you with a +0 falchion!
You barely miss Eustachio.
Eustachio is lightly wounded.
Eustachio hits you with a +0 falchion. The white imp gestures at you.
The puff of frost hits you!
You feel a terrible chill!
You hit Eustachio.
Eustachio is lightly wounded.
Eustachio misses you. The white imp gestures at you.
The puff of frost hits you!
You feel a terrible chill!
* * * LOW HITPOINT WARNING * * *
You closely miss Eustachio.
Eustachio is lightly wounded.
Eustachio gestures wildly while chanting.
Eustachio blinks!
The white imp gestures at you. The puff of frost hits you!
You feel a terrible chill!
You die...

###.....# #.##.##....#.#..###. #
####..## #.##.##.####...##### #
##..## #.##....# #...###.#' ###
#...## #.##..#####..###._.# ).##
##...###.##..###.....###.#' #..#
#.......#.....#.###..##### ##.##
##.####.#.5...#.# ##..###. ##..##
#.###....§.....####...#[) .....#
#...).##@.......†.[†#.))#
##...#######).##.....#####....#..
##.........)[....#### ####...#
###..###.......@..###########.#
### #....#........#..............
..###)...#........####...######..
#....###.###...........### ###
###.##§...§#.>.....#####
#.##.....#......##


You could see Eustachio and a white imp (summoned).

Vanquished Creatures
  Edmund (D:4)
  A black bear (D:4)
  An ogre (D:4)
  A gnoll sergeant (D:4)
  An orc priest (D:4)
  Natasha (D:2)
  3 gnolls (D:4)
  4 adders
  A dart slug (D:1)
  8 orcs (D:4)
  7 ball pythons
  5 endoplasms
  4 giant cockroaches
  6 goblins
  4 hobgoblins
  7 jackals
  6 kobolds
  2 quokkas
  5 bats
  4 frilled lizards
  5 rats
77 creatures vanquished.

Vanquished Creatures (collateral kills)
  Natasha (twice) (D:2)
  An endoplasm (D:3)
  A hobgoblin (D:2)
  A jackal (D:3)
  A quokka (D:3)
6 creatures vanquished.

Grand Total: 83 creatures vanquished

Notes
Turn   | Place    | Note
-------+----------+-------------------------------------------
     0 | D:1      | jimonade the Djinni Hedge Wizard began the quest for the
                  | Orb.
     0 | D:1      | jimonade set off with the following spells memorised: Magic
                  | Dart, Slow, Blink, Call Imp, Mephitic Cloud.
     0 | D:1      | Reached XP level 1. HP: 15/15 MP: 0/0
   149 | D:1      | Reached XP level 2. HP: 19/21 MP: 0/0
   342 | D:1      | Reached skill level 3 in Spellcasting
   474 | D:1      | Reached XP level 3. HP: 17/25 MP: 0/0
   474 | D:1      | Learned a level 1 spell: Sting
   888 | D:2      | Noticed Natasha
   897 | D:2      | Killed Natasha
   898 | D:2      | Reached XP level 4. HP: 27/31 MP: 0/0
  1243 | D:2      | Noticed Natasha
  1250 | D:2      | Killed Natasha
  1430 | D:2      | Noticed Natasha
  1440 | D:2      | Killed Natasha
  1441 | D:2      | Reached skill level 4 in Spellcasting
  1441 | D:2      | Reached XP level 5. HP: 34/35 MP: 0/0
  1441 | D:2      | Learned a level 2 spell: Ensorcelled Hibernation
  2084 | D:3      | Identified the +8 spear of Foit {elec, +Blink Str+2 Int+2}
  2130 | D:3      | Found a hide-covered altar of Uskayaw.
  2388 | D:4      | Noticed an ogre
  2399 | D:4      | Killed an ogre
  2400 | D:4      | Reached XP level 6. HP: 18/41 MP: 0/0
  2552 | D:4      | Noticed Edmund
  2556 | D:4      | Killed Edmund
  2557 | D:4      | Reached skill level 5 in Spellcasting
  2635 | D:4      | Noticed a black bear
  2641 | D:4      | Killed a black bear
  2642 | D:4      | Reached XP level 7. HP: 6/46 MP: 0/0
  2642 | D:4      | Learned a level 3 spell: Kindle Blastsparks
  3031 | D:4      | Found a sparkling altar of Nemelex Xobeh.
  3114 | D:4      | Noticed Eustachio
  3462 | D:4      | Reached skill level 1 in Fighting
  3462 | D:4      | Reached skill level 1 in Polearms
  3470 | D:4      | Reached skill level 6 in Spellcasting
  3525 | D:4      | Killed from afar by a white imp

Illustrated notes

Levels and vault maps discovered:
D:1:      scummos_arrival_simple_fountains, layout_basic
D:2:      layout_loops_corners, uniq_natasha
D:3:      layout_rooms, mainiacjoe_overflow_six_doors_small,
          chequers_serial_rivers_room_b
D:4:      layout_rooms, nicolae_kikubaaqudgha_miasma_corner,
          nemelex_diamond_rough_becter, uniq_eustachio, uniq_edmund

Skill      XL: |  1  2  3  4  5  6  7 |
---------------+----------------------+-----
Spellcasting   | 3 4 5 6 |  6.0
Fighting       | 1 |  1.0
Polearms       | 1 |  1.1
Dodging        | 3 |  3.0
Stealth        | |  1.5

Action                     |  1- 3 |  4- 6 |  7- 9 || total
---------------------------+-------+-------+-------++-------
  Melee: Dagger            |     2 |    13 |       ||    15
         Spear             |       |    24 |    47 ||    71
   Cast: Magic Dart        |    54 |    36 |       ||    90
         Call Imp          |     1 |     5 |       ||     6
         Sting             |       |    14 |       ||    14
         Slow              |       |     3 |       ||     3
         Ensorcelled Hiber |       |     2 |       ||     2
         Mephitic Cloud    |       |     1 |       ||     1
   Stab: Sleeping          |       |     4 |       ||     4
 Armour: Robe              |     5 |     7 |       ||    12
  Dodge: Dodged            |    11 |    19 |    23 ||    53
  Block: Buckler           |       |       |     1 ||     1

Table legend: (Time is in decaauts)
 A = Elapsed time spent in this place.
 B = Non-inter-level travel time spent in this place.
 C = Inter-level travel time spent in this place.
 D = Time resting spent in this place.
 E = Time spent auto-exploring this place.
 F = Levels seen in this place.
 G = Mean time per level.
                   A        B        C        D        E       F      G
               +--------+--------+--------+--------+--------+-----+--------+
         Total |   3547 |   3453 |     94 |    513 |   2328 |   4 |  886.8 |
       Dungeon |   3547 |   3453 |     94 |    513 |   2328 |   4 |  886.8 |
               +--------+--------+--------+--------+--------+-----+--------+

Top non-repeatable levels by time:
     D:2: 967 daAuts
     D:3: 942 daAuts
     D:1: 888 daAuts
     D:4: 748 daAuts
